 Dungeon Crawl Stone Soup version 0.26-b1-32-g5d43845318 (webtiles) character file.

Game seed: 17054134040235135597

6 MajorAdolf the Magician (level 1, -1/16 HPs)
             Began as a Naga Wanderer on Jan 8, 2021.
             Slain by a hobgoblin (5 damage)
             ... on level 1 of the Dungeon.
             The game lasted 00:01:04 (544 turns).

MajorAdolf the Magician (Naga Wanderer)              Turns: 544, Time: 00:01:04

Health: -1/16      AC:  1    Str: 14    XL:     1   Next: 90%
Magic:  4/4        EV:  9    Int: 12    God:
Gold:   21         SH:  0    Dex: 10    Spells: 5/6 levels left

rFire    . . .     SeeInvis +   a - +0 dagger
rCold    . . .     Faith    .   (no shield)
rNeg     . . .     Spirit   .   d - +0 robe
rPois    +         Reflect  .   (no helmet)
rElec    .         Harm     .   (no cloak)
rCorr    .         Rampage  .   (no gloves)
Will     .....                  (no barding)
Stlth    ++........             (no amulet)
HPRegen  0.05/turn              (no ring)
MPRegen  0.09/turn              (no ring)

@: very slow
A: large, see invisible, deformed body, poison resistance, slowness 2, spit
poison 1, AC +0
a: Spit Poison


You were on level 1 of the Dungeon.
You visited 1 branch of the dungeon, and saw 1 of its levels.

You collected 21 gold pieces.

Inventory:

Hand Weapons
 a - a +0 dagger (weapon)
Missiles
 f - 13 poisoned darts
Armour
 d - a +0 robe (worn)
Wands
 e - a wand of paralysis (15)
Scrolls
 b - 2 scrolls of identify {unknown}
 c - a scroll of teleportation {unknown}
 j - a scroll of remove curse {unknown}
Potions
 g - a potion of mutation {unknown}
 h - a potion of ambrosia {unknown}
 i - a potion of brilliance {unknown}


   Skills:
 + Level 0.4 Fighting
 + Level 0.4 Armour
 + Level 0.3 Dodging
 - Level 1.5 Stealth
 - Level 3.0 Spellcasting
 - Level 2.0 Necromancy
 - Level 1.0 Fire Magic
 - Level 1.0 Air Magic
 - Level 1.3 Poison Magic
 - Level 1.0 Evocations


You had 5 spell levels left.
You knew the following spells:

 Your Spells              Type           Power        Failure   Level
a - Freeze                Ice            4%           24%         1

Your spell library contained the following spells:

 Spells                   Type           Power        Failure   Level
 Corpse Rot               Necr/Air       N/A          21%         2
 Poisonous Vapours        Pois/Air       8%           22%         2
 Frozen Ramparts          Ice            2%           58%         3


Dungeon Overview and Level Annotations

Branches:
Dungeon (1/15)

Altars:


Innate Abilities, Weirdness & Mutations

You cannot wear boots.
Your serpentine skin is tough. (AC +0)
You have supernaturally acute eyesight. (SInv)
Armour fits poorly on your strangely shaped body.
Your system is resistant to poisons. (rPois)
You cover ground very slowly.
You can spit poison.


Message History

You hit the giant cockroach.
You kill the giant cockroach!
A leopard gecko comes into view.
A hobgoblin comes into view.
The leopard gecko hisses angrily.
The hobgoblin shouts!
The hobgoblin closely misses you.
You hit the leopard gecko.
The leopard gecko is moderately wounded.
The leopard gecko bites you.
You hit the leopard gecko but do no damage.
The leopard gecko is moderately wounded.
The leopard gecko bites you. The hobgoblin hits you with a +0 club.
Unknown command.
You barely miss the leopard gecko.
The leopard gecko is moderately wounded.
The leopard gecko bites you.
* * * LOW HITPOINT WARNING * * *
The hobgoblin hits you.
You die...

#.........# #.........#
#.$.......# ## #.........#
#. #!........# ####.
#.........# #.[..
#......lg.# #.###
#......@g.# #.###
#........!# .....
######'####################
#.....>....................
###............########.#.#
####.#########........#.#
...# #....##..#.. ###.#
#....##..#..
#.###########'###....≈


You could see a leopard gecko and 2 hobgoblins.

Vanquished Creatures
  2 giant cockroaches (D:1)
  A hobgoblin (D:1)
  2 frilled lizards (D:1)
  A rat (D:1)
6 creatures vanquished.

Vanquished Creatures (others)
  4 toadstools (D:1)
4 creatures vanquished.

Grand Total: 10 creatures vanquished

Notes
Turn   | Place    | Note
-------+----------+-------------------------------------------
     0 | D:1      | MajorAdolf the Naga Wanderer began the quest for the Orb.
     0 | D:1      | MajorAdolf set off with the following items: a +0 club, a
                  | +0 robe, a wand of paralysis (15); and the following spell
                  | memorised: Freeze; and the following spells available to
                  | memorise: Corpse Rot, Poisonous Vapours, Frozen Ramparts
     0 | D:1      | Reached XP level 1. HP: 15/15 MP: 4/4
   544 | D:1      | Slain by a hobgoblin

Illustrated notes

Levels and vault maps discovered:
D:1:      ldierk_water_garden, layout_basic

Action                   || total
-------------------------++-------
Melee: Dagger            ||     5
 Cast: Freeze            ||     3
 Abil: Spit Poison       ||     6
 Stab: Sleeping          ||     2
Armor: Robe              ||     1
Dodge: Dodged            ||     4
